[Event "Titled Tuesday Blitz January 10 Early 2023"]
[White "Papasimakopoulos, Alexandros"]
[Black "Nikologorsky, Matfei"]
[WhiteFideId "4244125"]
[BlackFideId "24102474"]
[WhiteElo "2401"]
[BlackElo "2182"]
[Result "1-0"]
[Round "02"]
[TimeControl "180+2"]
[Date "2023.01.10"]
[WhiteClock "0:01:30"]
[BlackClock "0:00:03"]

1. d4 Nf6 2. c4 e6 3. Nc3 Bb4 4. Qc2 O-O 5. a3 Bxc3+ 6. Qxc3 b6 7. Bg5 Bb7 8. f3 h6 9. Bh4 d5 10. e3 Nbd7 11. cxd5 exd5 12. Bd3 Re8 13. Ne2 c5 14. O-O Rc8 15. Qd2 Qe7 16. Bf2 Nf8 17. Ng3 g6 18. Rfe1 Ne6 19. Bb5 Red8 20. Rad1 h5 21. Ne2 a6 22. Ba4 Kg7 23. Bg3 Rh8 24. Be5 Kg8 25. Bc2 h4 26. Nf4 Nxf4 27. exf4 Rh5 28. f5 gxf5 29. Qf4 Rc6 30. Bxf5 Qf8 31. Bb1 Bc8 32. Bxf6 cxd4 33. Bxd4 Rhh6 34. Qg5+ Rhg6 35. Bxg6 Rxg6 36. Qxh4 f6 37. Qh5 Qg7 38. Qxd5+ Kh7 39. Qh5+ Rh6 40. Qe8 Bb7 41. Re7 1-0


[Site "https://www.chess.com"]

[Event "Titled Tuesday Blitz January 10 Early 2023"]
[White "Martinez Ramirez, Lennis"]
[Black "Saya, Ethan"]
[WhiteFideId "3509079"]
[BlackFideId "26095181"]
[WhiteElo "2426"]
[BlackElo "2181"]
[Result "1-0"]
[Round "02"]
[TimeControl "180+2"]
[Date "2023.01.10"]
[WhiteClock "0:00:43"]
[BlackClock "0:00:11"]

1. d4 Nf6 2. c4 e6 3. Nf3 d5 4. g3 Be7 5. Bg2 O-O 6. Qc2 dxc4 7. Nbd2 c5 8. dxc5 Bxc5 9. Qxc4 Qe7 10. O-O Nc6 11. a3 a5 12. Nb3 Bb6 13. Bf4 Nd5 14. Bg5 f6 15. e4 fxg5 16. exd5 exd5 17. Qxd5+ Be6 18. Qb5 Ba7 19. Nxg5 Bxb3 20. Qxb3+ Kh8 21. Ne6 Nd4 22. Nxd4 Bxd4 23. Rad1 Bc5 24. Qxb7 Qxb7 25. Bxb7 Rab8 26. Rd7 Rfd8 27. Rfd1 Rxd7 28. Rxd7 g6 29. Kg2 Re8 30. Rd2 Kg7 31. Rc2 Bd4 32. Bd5 Rb8 33. b3 Rd8 34. Rc7+ Kh6 35. Bc4 Bb2 36. b4 a4 37. Ra7 Bxa3 38. Rxa4 Bc1 39. b5 Rd2 40. Rb4 Ba3 41. Rb3 Bc5 42. Rf3 Rb2 43. Rf7 Rb4 44. Bf1 Rb2 45. h4 Rb4 46. Be2 Rb2 47. Kf3 Rb3+ 48. Ke4 Rb2 49. Kd3 Bb6 50. g4 g5 51. Rf6+ Kg7 52. Rxb6 gxh4 53. g5 h3 54. Rh6 Rxb5 55. f4 Rb1 56. Bf3 Rb3+ 57. Ke4 Rb4+ 58. Kf5 Rb5+ 59. Kg4 h2 60. Rxh2 h5+ 61. Rxh5 1-0


[Site "https://www.chess.com"]

[Event "Titled Tuesday Blitz January 10 Early 2023"]
[White "Langner, Ladislav"]
[Black "Godzwon, Iwo"]
[WhiteFideId "300403"]
[BlackFideId "21802483"]
[WhiteElo "2368"]
[BlackElo "2394"]
[Result "1-0"]
[Round "02"]
[TimeControl "180+2"]
[Date "2023.01.10"]
[WhiteClock "0:00:14"]
[BlackClock "0:00:16"]

1. e4 c5 2. c3 Nc6 3. d4 cxd4 4. cxd4 d6 5. Nc3 Nf6 6. f3 a6 7. Be3 e6 8. Bd3 d5 9. e5 Nd7 10. f4 g6 11. Nf3 b5 12. O-O Nb6 13. b3 b4 14. Ne2 a5 15. Rc1 Ne7 16. g4 Qd7 17. Ng3 Ba6 18. Bxa6 Rxa6 19. Qd3 Ra8 20. f5 Rg8 21. fxe6 fxe6 22. Ng5 Nc6 23. Rf7 Be7 24. Rxh7 Rc8 25. Rf1 Nd8 26. Nf7 Rc3 27. Qe2 Qc6 28. Nd6+ Bxd6 29. exd6 Qxd6 30. Bf4 Qc6 31. Bg5 Nc8 32. Qf2 Qd6 33. Qf6 Rc7 34. Rxc7 Qxc7 35. Rc1 Qd7 36. Rxc8 Rf8 37. Qxd8+ Qxd8 38. Rxd8+ Kf7 39. Rxf8+ Kxf8 40. h4 1-0


[Site "https://www.chess.com"]

[Event "Titled Tuesday Blitz January 10 Early 2023"]
[White "Mirzoev, Azer"]
[Black "Kaminski, Victor"]
[WhiteFideId "13400304"]
[BlackFideId "1131630"]
[WhiteElo "2416"]
[BlackElo "2247"]
[Result "1-0"]
[Round "02"]
[TimeControl "180+2"]
[Date "2023.01.10"]
[WhiteClock "0:00:44"]
[BlackClock "0:00:01"]

1. c4 e6 2. Nc3 d5 3. e3 c5 4. Nf3 Nf6 5. cxd5 exd5 6. d4 cxd4 7. Bb5+ Bd7 8. Bxd7+ Qxd7 9. Nxd4 Bb4 10. O-O Bxc3 11. bxc3 O-O 12. Qb3 Nc6 13. a4 Rac8 14. Ba3 Rfe8 15. Rfb1 b6 16. Qb5 Ne4 17. Rc1 Ne5 18. Qxd7 Nxd7 19. Nb5 a6 20. Nd6 Nxd6 21. Bxd6 Re6 22. Bf4 Rec6 23. Rd1 Rxc3 24. Rxd5 Rc1+ 25. Rd1 Rxa1 26. Rxa1 Kf8 27. Rd1 Ke8 28. h3 Rc4 29. a5 b5 30. Rd6 b4 31. Rxa6 b3 32. Bd6 f6 33. Ba3 Ra4 34. Ra8+ Kf7 35. Ra7 Ke6 36. Bb2 Ra2 37. Bd4 b2 38. Bxb2 Rxb2 39. a6 Ra2 40. g4 g5 41. Kg2 h6 42. Ra8 Nb6 43. Ra7 Nd5 44. Kf3 Nb4 45. Rh7 Rxa6 46. Rxh6 Ra2 47. Kg3 Nd3 48. f4 Ne1 49. fxg5 Rg2+ 50. Kf4 Rf2+ 51. Ke4 Ng2 52. h4 1-0


[Site "https://www.chess.com"]

[Event "Titled Tuesday Blitz January 10 Early 2023"]
[White "Barria Zuniga, Daniel"]
[Black "Leschinsky, Gary"]
[WhiteFideId "3400816"]
[BlackFideId "30951321"]
[WhiteElo "2341"]
[BlackElo "1969"]
[Result "0-1"]
[Round "02"]
[TimeControl "180+2"]
[Date "2023.01.10"]
[WhiteClock "0:00:10"]
[BlackClock "0:00:11"]

1. d4 d5 2. c4 e6 3. Nf3 c6 4. Nc3 Nf6 5. Bg5 Be7 6. e3 O-O 7. Qc2 Nbd7 8. O-O-O b5 9. c5 a5 10. Bd3 a4 11. a3 Qa5 12. Na2 Bb7 13. Nb4 Rfe8 14. Kb1 Bf8 15. Bf4 Be7 16. h3 Bd8 17. g4 g6 18. Ne5 Nxe5 19. Bxe5 Nd7 20. Bd6 e5 21. f4 exf4 22. exf4 Bf6 23. Be5 Nxe5 24. dxe5 Be7 25. f5 Qa7 26. Rc1 Bg5 27. Rce1 Be7 28. e6 Qxc5 29. exf7+ Kxf7 30. fxg6+ Kg7 31. gxh7 Qxc2+ 32. Bxc2 c5 33. Nd3 d4 34. Rhf1 Bd6 35. g5 c4 36. Nb4 d3 37. Bd1 Bxb4 38. axb4 a3 39. Rxe8 Rxe8 40. Bh5 Rd8 41. Rf7+ Kh8 42. g6 Be4 43. Re7 Bxg6 44. Bxg6 d2 45. Bh5 d1=Q+ 46. Bxd1 Rxd1+ 47. Kc2 a2 0-1


[Site "https://www.chess.com"]

[Event "Titled Tuesday Blitz January 10 Early 2023"]
[White "Carrasco Miranda, Andres"]
[Black "Khumalo, Keith"]
[WhiteFideId "3405990"]
[BlackFideId "14319470"]
[WhiteElo "2240"]
[BlackElo "2099"]
[Result "0-1"]
[Round "02"]
[TimeControl "180+2"]
[Date "2023.01.10"]
[WhiteClock "0:00:26"]
[BlackClock "0:01:24"]

1. d4 Nf6 2. c4 g6 3. g3 Bg7 4. Bg2 O-O 5. Nc3 d6 6. Nf3 c6 7. O-O Qa5 8. e4 Bg4 9. h3 Bxf3 10. Bxf3 e5 11. d5 cxd5 12. cxd5 a6 13. a3 Rc8 14. Be3 Nbd7 15. h4 h5 16. Bg2 Kh7 17. Bh3 Bh6 18. Qd2 Bxe3 19. Qxe3 Kg7 20. f4 Qc5 21. Qxc5 Rxc5 22. f5 Nb6 23. fxg6 fxg6 24. Rf2 Rf8 25. Raf1 Nh7 26. Be6 Rxf2 27. Rxf2 Nf6 28. Kf1 Nc4 29. Ke1 Nxa3 30. bxa3 Rxc3 31. Rb2 b5 32. a4 Nxe4 33. axb5 Re3+ 34. Kf1 axb5 35. Rxb5 Rf3+ 36. Ke1 Nc5 37. Ke2 Rxg3 38. Rb6 Nxe6 39. dxe6 Kf6 40. Rxd6 Rg4 41. Kf3 Ke7 42. Ra6 Rxh4 43. Ke3 Rf4 44. Rb6 h4 45. Ra6 g5 46. Rb6 g4 47. Rb7+ Kxe6 48. Rh7 h3 49. Rh6+ Kd5 0-1


[Site "https://www.chess.com"]

[Event "Titled Tuesday Blitz January 10 Early 2023"]
[White "Kotepalli, Sai Nirupama"]
[Black "Melnichuk, Mikhail"]
[WhiteFideId "5039444"]
[BlackFideId "14117533"]
[WhiteElo "1910"]
[BlackElo "2327"]
[Result "1-0"]
[Round "02"]
[TimeControl "180+2"]
[Date "2023.01.10"]
[WhiteClock "0:00:07"]
[BlackClock "0:00:04"]

1. e4 e5 2. d3 Nf6 3. Nf3 Nc6 4. g3 Bc5 5. Bg2 d6 6. O-O h6 7. c3 O-O 8. a4 a6 9. Nbd2 Ba7 10. Nc4 Be6 11. Ne3 d5 12. Nh4 Ne7 13. Qe2 Qd7 14. exd5 Nexd5 15. Nxd5 Bxd5 16. Qxe5 Bxg2 17. Kxg2 Qxd3 18. Bxh6 Rfe8 19. Qg5 Qd5+ 20. Qxd5 Nxd5 21. Bd2 Re2 22. Rad1 Rd8 23. Bg5 f6 24. Bc1 Ree8 25. Rd2 Nb6 26. Rfd1 Rxd2 27. Rxd2 Nxa4 28. Nf5 g6 29. Nh6+ Kh8 30. Kf3 Nc5 31. Rd5 Nb3 32. Bf4 c6 33. Rd7 Nc5 34. Rf7 Bb8 35. Bxb8 Rxb8 36. Rxf6 Nd3 37. b4 Re8 38. Nf7+ Kg7 39. Nd6 Kxf6 40. Nxe8+ Ke5 41. Ke3 Nb2 42. f4+ Kf5 43. Nd6+ Kg4 44. Nxb7 Nd1+ 45. Kd4 Kh3 46. Nd8 Kxh2 47. Nxc6 Kxg3 48. Ne5 Kxf4 49. Nxg6+ Kf5 50. Ne7+ Ke6 51. Nc6 Kd6 52. Nb8 a5 53. bxa5 Kc7 54. Na6+ Kc6 55. c4 Nb2 56. Nb4+ Kb7 57. Kc5 Kc7 58. Kb5 Kb7 59. a6+ Ka8 60. c5 Nd1 61. Nd5 Nf2 62. Kb6 Ne4 63. Nc7+ Kb8 64. a7+ Kc8 65. a8=Q+ Kd7 66. Qxe4 Kc8 67. Qe8# 1-0


[Site "https://www.chess.com"]

[Event "Titled Tuesday Blitz January 10 Early 2023"]
[White "Malek, Jan"]
[Black "Nugumanov, Bakhtiyar"]
[WhiteFideId "21864080"]
[BlackFideId "13701797"]
[WhiteElo "2370"]
[BlackElo "2316"]
[Result "1-0"]
[Round "02"]
[TimeControl "180+2"]
[Date "2023.01.10"]
[WhiteClock "0:00:04"]
[BlackClock "0:00:02"]

1. c4 e6 2. Nc3 d5 3. Nf3 Nf6 4. e3 a6 5. b3 c5 6. Bb2 Nc6 7. cxd5 exd5 8. d4 cxd4 9. Nxd4 Bb4 10. a3 Bxc3+ 11. Bxc3 O-O 12. Bd3 Ne4 13. Bb2 Qg5 14. Nf3 Qxg2 15. Rf1 Bg4 16. Bxe4 dxe4 17. Rg1 Qxf3 18. Rxg4 Qh1+ 19. Ke2 Qf3+ 20. Kf1 g6 21. Qxf3 exf3 22. Bf6 Rac8 23. b4 b5 24. Rf4 a5 25. Rb1 axb4 26. axb4 Rfe8 27. Ke1 Re6 28. Rxf3 Re4 29. Bc3 Rc4 30. Bd2 Ne5 31. Rf6 Kg7 32. Rd6 Nf3+ 33. Ke2 Nxd2 34. Rxd2 Rc2 35. Rb2 Rxd2+ 36. Kxd2 Rc4 37. Kd3 Kf6 38. f4 Ke6 39. e4 f5 40. Re2 1-0


[Site "https://www.chess.com"]

[Event "Titled Tuesday Blitz January 10 Early 2023"]
[White "Spata, German"]
[Black "Sargissyan, Sargis"]
[WhiteFideId "113026"]
[BlackFideId "13303210"]
[WhiteElo "2383"]
[BlackElo "2234"]
[Result "0-1"]
[Round "02"]
[TimeControl "180+2"]
[Date "2023.01.10"]
[WhiteClock "0:00:07"]
[BlackClock "0:00:09"]

1. Nf3 Nf6 2. g3 g6 3. Bg2 Bg7 4. O-O O-O 5. b3 c5 6. Bb2 d5 7. e3 Nc6 8. d4 cxd4 9. Nxd4 Bg4 10. Qd2 Nxd4 11. Bxd4 Ne4 12. Bxe4 dxe4 13. Bxg7 Kxg7 14. Qxd8 Rfxd8 15. Na3 Rac8 16. c4 Rd2 17. Rfc1 Rc5 18. Rc2 Rd3 19. Nb5 a6 20. Nc3 Bf3 21. Rac1 h5 22. Ne2 e5 23. Nc3 h4 24. Kf1 hxg3 25. fxg3 Rxe3 26. Rd2 Rd3 27. Rxd3 exd3 28. Kf2 e4 29. Ke3 f5 30. Nd5 g5 31. Kd4 d2 32. Rg1 Rxd5+ 33. cxd5 Kf7 34. h4 gxh4 35. gxh4 d1=Q+ 36. Rxd1 Bxd1 37. d6 Ke6 38. d7 Kxd7 39. Ke3 Bg4 40. Kf4 Ke6 0-1


[Site "https://www.chess.com"]

[Event "Titled Tuesday Blitz January 10 Early 2023"]
[White "Tworuszka, Michal"]
[Black "Sourath Biswas"]
[WhiteFideId "1117858"]
[BlackFideId "35091484"]
[WhiteElo "2260"]
[BlackElo "2281"]
[Result "0-1"]
[Round "02"]
[TimeControl "180+2"]
[Date "2023.01.10"]
[WhiteClock "0:00:01"]
[BlackClock "0:00:43"]

1. d4 Nf6 2. c4 g6 3. g3 Bg7 4. Bg2 O-O 5. Nc3 d6 6. Nf3 c5 7. O-O Nc6 8. dxc5 dxc5 9. Bf4 Nh5 10. Be3 Be6 11. Nd5 b6 12. Qc1 Nf6 13. Nxf6+ Bxf6 14. Rd1 Qc8 15. Bf4 Rd8 16. Rxd8+ Qxd8 17. Nd2 Rc8 18. Ne4 Bg7 19. Qc2 Nd4 20. Qd2 Bxc4 21. e3 Ne6 0-1


[Site "https://www.chess.com"]

[Event "Titled Tuesday Blitz January 10 Early 2023"]
[White "Yaran, Siar"]
[Black "Gressmann, Moritz"]
[WhiteFideId "6323006"]
[BlackFideId "24695084"]
[WhiteElo "2288"]
[BlackElo "2129"]
[Result "1/2-1/2"]
[Round "02"]
[TimeControl "180+2"]
[Date "2023.01.10"]
[WhiteClock "0:00:08"]
[BlackClock "0:00:09"]

1. d4 Nf6 2. c4 e6 3. Nc3 Bb4 4. e3 d5 5. a3 Bxc3+ 6. bxc3 O-O 7. cxd5 exd5 8. Bd3 b6 9. Ne2 Ba6 10. O-O Bxd3 11. Qxd3 Nbd7 12. f3 c5 13. e4 dxe4 14. fxe4 cxd4 15. cxd4 Nc5 16. Qh3 Ncxe4 17. Bf4 Qd7 18. Qh4 Rac8 19. Be5 Rc2 20. Ng3 Qd5 21. Rf3 Rfc8 22. Re1 Rc1 23. Nf5 Qa5 24. Ref1 Nd2 25. Qg5 Nxf3+ 26. gxf3 Rxf1+ 27. Kxf1 Qb5+ 28. Kg2 Rc2+ 29. Kh3 Qf1+ 30. Kh4 Qe1+ 31. Kh3 Qf1+ 32. Kh4 Qe1+ 33. Kh3 Qf1+ 1/2-1/2


[Site "https://www.chess.com"]

[Event "Titled Tuesday Blitz January 10 Early 2023"]
[White "Degtiarev, Evgeny"]
[Black "Mohamed Anees M"]
[WhiteFideId "4149610"]
[BlackFideId "35065815"]
[WhiteElo "2385"]
[BlackElo "2315"]
[Result "0-1"]
[Round "02"]
[TimeControl "180+2"]
[Date "2023.01.10"]
[WhiteClock "0:00:05"]
[BlackClock "0:01:52"]

1. d4 Nf6 2. c4 g6 3. Nc3 Bg7 4. e4 d6 5. h3 O-O 6. Nf3 c5 7. d5 a6 8. Be2 b5 9. cxb5 axb5 10. Bxb5 Ba6 11. Bxa6 Rxa6 12. O-O Nbd7 13. a4 Qa8 14. Ra3 c4 15. Nd2 Rc8 16. Qe2 Nb6 17. Qd1 Nfd7 18. Ndb1 Nc5 19. Bg5 Kf8 20. f4 Nbxa4 21. Nxa4 Rxa4 22. e5 Rxa3 23. Nxa3 c3 24. exd6 exd6 25. Nb5 cxb2 26. Nxd6 Rb8 27. Qc2 Qxd5 28. Nc4 h6 29. Bh4 Qd3 30. Qxd3 Nxd3 31. Rb1 Nxf4 32. Bg3 Ne2+ 33. Kf2 Nxg3 34. Kxg3 Rc8 35. Rxb2 0-1


[Site "https://www.chess.com"]

[Event "Titled Tuesday Blitz January 10 Early 2023"]
[White "Gatterer, Florian"]
[Black "Khripachenko, Alexander"]
[WhiteFideId "811688"]
[BlackFideId "54184975"]
[WhiteElo "2170"]
[BlackElo "2110"]
[Result "0-1"]
[Round "02"]
[TimeControl "180+2"]
[Date "2023.01.10"]
[WhiteClock "0:00:02"]
[BlackClock "0:01:14"]

1. d4 d5 2. c4 e6 3. Nc3 Be7 4. cxd5 exd5 5. Bf4 c6 6. e3 Bf5 7. Bd3 Bxd3 8. Qxd3 Nf6 9. Nge2 O-O 10. h3 Re8 11. O-O Nbd7 12. Rab1 a5 13. a3 Bf8 14. Bg3 h6 15. Bh2 g6 16. Bg3 h5 17. Bh2 Kg7 18. Bf4 Qb6 19. Bh2 a4 20. Qc2 Qa6 21. Nf4 b5 22. Nd3 Nb6 23. Nc5 Qa7 24. f4 Nc4 25. f5 Nxe3 26. Qf2 Nxf1 27. Rxf1 Bxc5 28. dxc5 Qe7 29. Bf4 Ne4 30. f6+ Nxf6 31. Bg5 Ng4 32. Qd4+ Qe5 33. Qxe5+ Nxe5 34. Bf6+ Kg8 35. Ne2 Nf3+ 36. Rxf3 Rxe2 37. g4 Rae8 38. gxh5 Re1+ 39. Kf2 R8e2+ 40. Kg3 Re3 41. hxg6 fxg6 42. Rxe3 Rxe3+ 43. Kg4 Re4+ 44. Kg5 Kf7 45. Bc3 d4 46. Bb4 d3 47. h4 Re2 48. h5 gxh5 49. Kxh5 d2 50. Bxd2 Rxd2 51. Kg5 Rxb2 52. Kf5 b4 53. Ke5 bxa3 54. Kd6 a2 55. Kxc6 a1=Q 56. Kc7 Rc2 57. c6 Qc3 58. Kd8 Qd4+ 59. Kc7 Qa7+ 60. Kd6 a3 61. Kd5 a2 62. Kd6 a1=Q 63. Kd5 Rd2+ 64. Ke4 Q1d4+ 65. Kf3 Qd5+ 66. Kf4 Qa4+ 67. Kg3 Rd3+ 68. Kh2 Qh5+ 69. Kg1 Qg5+ 70. Kf2 Qgf4+ 71. Ke2 Qxc6 72. Ke1 Qc3+ 73. Ke2 Re3+ 74. Kd1 Qfd4# 0-1


[Site "https://www.chess.com"]

[Event "Titled Tuesday Blitz January 10 Early 2023"]
[White "Maltsevskaya, Aleksandra"]
[Black "Qashashvili, Alexandre"]
[WhiteFideId "24174041"]
[BlackFideId "13600842"]
[WhiteElo "2390"]
[BlackElo "2505"]
[Result "1-0"]
[Round "02"]
[TimeControl "180+2"]
[Date "2023.01.10"]
[WhiteClock "0:01:36"]
[BlackClock "0:01:09"]

1. e4 c6 2. d3 d5 3. Nd2 dxe4 4. dxe4 Nf6 5. Ngf3 Bg4 6. h3 Bh5 7. g4 Bg6 8. Bd3 Nbd7 9. O-O e5 10. Qe2 Bc5 11. Nc4 Qe7 12. Bg5 h6 13. Bh4 O-O 14. Bg3 Bd6 15. Nxd6 Qxd6 16. Nh4 Bh7 17. Nf5 Bxf5 18. exf5 Qb4 19. c3 Qc5 20. Rad1 Rfe8 21. Bc4 Nb6 22. Bb3 Nbd5 23. Rd2 Nf4 24. Bxf4 exf4 25. Qf3 Qe5 26. Rd4 Qe2 27. Qxf4 Qxb2 28. Qc7 Rf8 29. Rd3 Nd5 30. Qxb7 Nxc3 31. Bxf7+ Rxf7 32. Qxb2 Ne2+ 33. Qxe2 1-0


[Site "https://www.chess.com"]

[Event "Titled Tuesday Blitz January 10 Early 2023"]
[White "Pajeken, Jakob Leon"]
[Black "Gjestemoen-VonHirsch, Andre"]
[WhiteFideId "12942839"]
[BlackFideId "1539531"]
[WhiteElo "2417"]
[BlackElo "2314"]
[Result "1-0"]
[Round "02"]
[TimeControl "180+2"]
[Date "2023.01.10"]
[WhiteClock "0:02:30"]
[BlackClock "0:02:00"]

1. Nf3 Nf6 2. c4 c6 3. g3 g6 4. Bg2 Bg7 5. O-O O-O 6. d4 d5 7. Qa4 dxc4 8. Qxc4 Be6 9. Qc2 Bf5 10. Qd1 Nbd7 11. Nc3 Be4 12. Nxe4 Nxe4 13. Ne1 Ndf6 14. Nc2 Qd7 15. f3 Nd6 16. e4 Nfe8 17. b3 e5 18. Bb2 exd4 19. Bxd4 Nc7 20. Bxg7 Kxg7 21. e5 1-0


[Site "https://www.chess.com"]

[Event "Titled Tuesday Blitz January 10 Early 2023"]
[White "Jimenez, Joaquin"]
[Black "Liang, Justin"]
[WhiteFideId "109860"]
[BlackFideId "2099942"]
[WhiteElo "2195"]
[BlackElo "2052"]
[Result "0-1"]
[Round "02"]
[TimeControl "180+2"]
[Date "2023.01.10"]
[WhiteClock "0:00:55"]
[BlackClock "0:00:12"]

1. e4 c5 2. Nf3 e6 3. d4 cxd4 4. Nxd4 a6 5. Nc3 Qc7 6. f4 b5 7. a3 Bb7 8. Bd3 Nc6 9. Nb3 d6 10. Qe2 Nf6 11. Be3 Be7 12. O-O-O Nd7 13. Rhe1 Nb6 14. Bxb5 axb5 15. Nxb5 Qd8 16. Qg4 Nc4 17. Bd4 Nxd4 18. Rxd4 Rc8 19. e5 O-O 20. Nxd6 Nxd6 21. exd6 Bf6 22. Rd2 Bd5 23. f5 Bxb3 24. d7 Rc7 25. fxe6 Bxe6 26. Rxe6 fxe6 27. Qxe6+ Kh8 28. Kb1 Rb7 29. b3 Qe7 30. Qd5 Qxa3 0-1


[Site "https://www.chess.com"]

[Event "Titled Tuesday Blitz January 10 Early 2023"]
[White "Cruz Ravina, Francisco Javier"]
[Black "Balint, Vilmos"]
[WhiteFideId "2228939"]
[BlackFideId "718050"]
[WhiteElo "2411"]
[BlackElo "2169"]
[Result "1-0"]
[Round "02"]
[TimeControl "180+2"]
[Date "2023.01.10"]
[WhiteClock "0:00:09"]
[BlackClock "0:01:23"]

1. e4 e6 2. d4 d5 3. Bd3 c5 4. exd5 exd5 5. Qe2+ Qe7 6. Qxe7+ Bxe7 7. dxc5 Bxc5 8. Nc3 Ne7 9. Nb5 Na6 10. c3 O-O 11. Nf3 Bd7 12. O-O Rac8 13. Nbd4 Nc7 14. Re1 Rfe8 15. Bg5 f6 16. Be3 Bb6 17. Rad1 Nc6 18. Nxc6 bxc6 19. Bxb6 axb6 20. Rxe8+ Rxe8 21. Re1 Rxe1+ 22. Nxe1 Kf7 23. f4 h6 24. Kf2 c5 25. b4 Ke7 26. a3 Kd6 27. Ke3 Bb5 28. Bc2 Bf1 29. Kd2 g5 30. g3 gxf4 31. gxf4 Ne6 32. Ke3 d4+ 33. cxd4 Nxd4 34. Bd3 Bxd3 35. Kxd3 Ne6 36. Ke4 cxb4 37. axb4 Ng7 38. Nf3 f5+ 39. Ke3 Kd5 40. Ne5 b5 41. Kd3 Ne6 42. Ke3 Nd4 43. Kd3 h5 44. h4 Ne6 45. Ng6 Kd6 46. Ke3 Kd7 47. Ne5+ Ke7 48. Nc6+ Kd6 49. Nd4 Kd5 50. Nxf5 Kc4 51. Nd6+ Kxb4 52. f5 Nf8 53. Kd4 Ka3 54. Nxb5+ Kb4 55. Nd6 Kb3 56. f6 Kc2 57. Ke5 Kd3 58. Kf5 Ke3 59. Ne4 Kd4 60. Ng5 Kd5 61. f7 Kd6 62. Kf6 Kd5 63. Ke7 Ng6+ 64. Ke8 Ke5 65. Nh7 Kf5 66. f8=Q+ Nxf8 67. Nxf8 Kg4 68. Ng6 Kf5 69. Kf7 Kg4 70. Kg7 Kf5 71. Kh6 Kg4 72. Kg7 Kf5 73. Kh6 Kg4 74. Kh7 Kf5 75. Kg7 Kg4 76. Kf7 Kf5 77. Ne7+ Kg4 78. Ng6 Kf5 79. Kg7 Kg4 80. Kf6 Kg3 81. Kg5 Kh3 82. Kxh5 Kg3 83. Kg5 1-0


[Site "https://www.chess.com"]

[Event "Titled Tuesday Blitz January 10 Early 2023"]
[White "Jiganchine, Roman"]
[Black "Novik, Maxim"]
[WhiteFideId "2603667"]
[BlackFideId "4102924"]
[WhiteElo "2205"]
[BlackElo "2436"]
[Result "1/2-1/2"]
[Round "02"]
[TimeControl "180+2"]
[Date "2023.01.10"]
[WhiteClock "0:00:07"]
[BlackClock "0:01:22"]

1. e4 c5 2. Nf3 e6 3. g3 d5 4. exd5 exd5 5. Bg2 Nf6 6. O-O Be7 7. d4 O-O 8. dxc5 Bxc5 9. Nbd2 Nc6 10. Nb3 Bb6 11. h3 h6 12. Re1 Re8 13. Rxe8+ Qxe8 14. Nfd4 Nxd4 15. Nxd4 Bxd4 16. Qxd4 Qe1+ 17. Kh2 Bf5 18. b3 Re8 19. Bg5 Qe5 20. Qxe5 Rxe5 21. Bxf6 gxf6 22. Rd1 Bxc2 23. Rxd5 b6 24. Rxe5 fxe5 25. Bd5 Kf8 26. f4 exf4 27. gxf4 Ke7 28. Kg3 f6 29. Kf2 Kd6 30. Bf7 Kc5 31. Ke3 Kb4 32. Kd2 Bb1 33. Kc1 Bxa2 34. Kb2 Bxb3 35. Bxb3 a5 36. Be6 b5 37. Bd7 a4 38. Ka2 Ka5 39. Ka3 b4+ 40. Ka2 a3 41. Kb3 Kb6 42. Be6 Kc5 43. Bf7 Kd4 44. Kxb4 Ke4 45. Kxa3 Kxf4 46. Be6 Ke5 47. Bc8 f5 48. Kb4 f4 49. Bb7 Kd4 50. h4 Ke3 51. Kc3 f3 52. Ba6 h5 53. Kc2 Kf2 54. Kd1 Kg3 55. Ke1 Kxh4 56. Kf2 Kg4 57. Bb7 h4 58. Bxf3+ Kf4 59. Bc6 h3 60. Bf3 h2 61. Bh1 Kg4 62. Bf3+ Kf4 63. Bh1 Kg4 64. Bf3+ Kf4 1/2-1/2


[Site "https://www.chess.com"]

[Event "Titled Tuesday Blitz January 10 Early 2023"]
[White "Tikhonov, Viacheslav"]
[Black "Boraso, Alessio"]
[WhiteFideId "44196407"]
[BlackFideId "848077"]
[WhiteElo "2220"]
[BlackElo "2316"]
[Result "1-0"]
[Round "02"]
[TimeControl "180+2"]
[Date "2023.01.10"]
[WhiteClock "0:01:36"]
[BlackClock "0:00:13"]

1. d4 Nf6 2. Nf3 d5 3. c4 e6 4. g3 Be7 5. Bg2 O-O 6. O-O dxc4 7. Qc2 a6 8. a4 Bd7 9. Bg5 Bc6 10. Bxf6 Bxf6 11. Rd1 Nd7 12. Nc3 b5 13. Ng5 Bxg5 14. Bxc6 b4 15. Ne4 Be7 16. Bxa8 Qxa8 17. Nd2 Nb6 18. Nxc4 Nd5 19. e4 Nf6 20. f3 c5 21. d5 exd5 22. Nb6 Qc6 23. Nxd5 Nxd5 24. exd5 Qf6 25. b3 Qxf3 26. Qd3 Qh5 27. Qxa6 Bf6 28. Qc4 Rd8 29. Qxc5 Bxa1 30. Rxa1 Qxd5 31. Qxd5 Rxd5 32. a5 Rd7 33. a6 Ra7 34. Kf2 Kf8 35. Ke3 Ke7 36. Kd4 Kd6 37. Kc4 Kc6 38. Kxb4 Kb6 39. Ra5 f5 40. Rb5+ Kxa6 41. Ra5+ Kb6 42. Rxa7 Kxa7 43. Kc5 g5 44. Kd5 Kb6 45. Ke5 f4 46. gxf4 gxf4 47. Kxf4 Kc5 48. Kg5 Kb4 49. Kh6 Kxb3 50. h4 Kc4 51. h5 Kd5 52. Kxh7 Ke6 53. Kg7 1-0


[Site "https://www.chess.com"]

[Event "Titled Tuesday Blitz January 10 Early 2023"]
[White "Flores Quillas, Diego Saul Rodri"]
[Black "Kalajzic, Ivan"]
[WhiteFideId "3822508"]
[BlackFideId "14506378"]
[WhiteElo "2359"]
[BlackElo "2062"]
[Result "1-0"]
[Round "02"]
[TimeControl "180+2"]
[Date "2023.01.10"]
[WhiteClock "0:00:14"]
[BlackClock "0:00:04"]

1. e4 Nc6 2. d4 e5 3. d5 Nce7 4. c4 Nf6 5. Nc3 Ng6 6. g3 Bc5 7. Bg2 d6 8. Nge2 O-O 9. O-O a6 10. Kh1 h6 11. h3 Nh7 12. Qd3 f5 13. exf5 Bxf5 14. Be4 Qd7 15. Bxf5 Rxf5 16. Ne4 Ba7 17. Kg2 Raf8 18. Be3 Bxe3 19. Qxe3 Rf3 20. Qd2 Qf5 21. N2c3 Nh4+ 22. Kh2 Qh5 23. Qd1 Nf5 24. Nd2 Nd4 25. Nxf3 Rxf3 26. Ne2 Ng5 27. Ng1 e4 28. Qxd4 e3 29. fxe3 Nf7 30. Rxf3 1-0


[Site "https://www.chess.com"]

[Event "Titled Tuesday Blitz January 10 Early 2023"]
[White "Ovezdurdyyeva, Jemal"]
[Black "Borgaonkar Akshay"]
[WhiteFideId "14001888"]
[BlackFideId "25639110"]
[WhiteElo "2078"]
[BlackElo "1991"]
[Result "1-0"]
[Round "02"]
[TimeControl "180+2"]
[Date "2023.01.10"]
[WhiteClock "0:00:09"]
[BlackClock "0:00:09"]

1. e4 c5 2. Nf3 e6 3. c3 Nf6 4. Bd3 d5 5. exd5 Nxd5 6. Bc2 Nd7 7. O-O Be7 8. d4 O-O 9. a3 b6 10. Qd3 N5f6 11. Bg5 cxd4 12. cxd4 Bb7 13. Nc3 h6 14. Bh4 Rc8 15. Rfd1 Qc7 16. Bg3 Qc4 17. Qe3 Nd5 18. Nxd5 Qxd5 19. Bb3 Qf5 20. d5 Bc5 21. Qd3 Qxd3 22. Rxd3 exd5 23. Bxd5 Bxd5 24. Rxd5 Nf6 25. Rd2 Rfd8 26. Rxd8+ Rxd8 27. Be5 Ne4 28. Bg3 g5 29. Re1 Nxg3 30. hxg3 g4 31. Ne5 h5 32. b4 Bd4 33. Nc6 Rd6 34. Nxa7 h4 35. Nb5 Rd5 36. Nxd4 Rxd4 37. gxh4 Rd3 38. Re4 Rxa3 39. Rxg4+ Kh7 40. Rf4 Kg6 41. g3 Rb3 42. Kg2 Rc3 43. Kh3 f5 44. Kg2 b5 45. Rd4 Rb3 46. Rd6+ Kh5 47. Rd5 Rxb4 48. Rxf5+ Kg6 49. Rg5+ Kf6 50. Rc5 Rb3 51. Rc6+ Kf5 52. h5 Rd3 53. h6 b4 54. Rb6 b3 55. h7 Rd8 56. Rxb3 Kg6 57. Rb7 Rf8 58. f4 Kf5 59. Kf3 Ra8 60. g4+ Kg6 61. f5+ Kg5 62. Rg7+ Kh6 63. Rg6+ Kxh7 64. Kf4 Ra5 65. Kg5 Ra1 66. Rb6 Kg7 67. Rb7+ Kf8 68. Kf6 Ra6+ 69. Kg5 Rc6 70. f6 Rc4 71. Ra7 Kg8 72. Rg7+ Kh8 73. Rd7 Kg8 74. Rd3 Kf7 75. Rf3 Rc5+ 76. Kh4 Rc1 77. g5 Rh1+ 78. Kg4 Rg1+ 79. Kf5 Rg2 80. Rf4 Rg1 81. Re4 Rf1+ 82. Rf4 Rg1 83. Rf2 Rg3 84. Kf4 Rg1 85. Rf3 Kg6 86. f7 Kxf7 87. Kf5 Ra1 88. Rb3 Ra5+ 89. Kg4 Kg6 90. Rb6+ Kg7 91. Kh5 Ra1 92. Rb7+ Kg8 93. Kh6 Kf8 94. Rb8+ Kf7 95. g6+ Kf6 96. Rf8+ Ke7 97. Rf5 Rh1+ 98. Kg7 Ke6 99. Rf6+ Ke7 100. Rf7+ Ke6 101. Kg8 Rg1 102. g7 Ra1 103. Rf8 Ke7 104. Rf7+ Ke6 105. Rb7 Rh1 106. Rb6+ Ke7 107. Rb7+ Ke6 108. Kf8 Re1 109. g8=Q+ Kd6 110. Qg3+ Kc6 111. Qxe1 Kxb7 1-0


[Site "https://www.chess.com"]